 Dungeon Crawl Stone Soup version 0.19-a0-700-gd2fa977 (webtiles) character file.

10747 Laan the Severer (level 11, -3/75 HPs)
             Began as a Formicid Fighter on June 19, 2016.
             Was an Elder of the Shining One.
             Slain by a black mamba (9 damage)
             ... on level 1 of the Lair of Beasts.
             The game lasted 00:21:02 (7942 turns).

Laan the Severer (Formicid Fighter)                 Turns: 7942, Time: 00:21:02

Health: -3/75      AC:  9    Str: 24    XL:     11   Next: 98%
Magic:  11/11      EV:  8    Int:  8    God:    the Shining One [****..]
Gold:   287        SH:  9    Dex: 10    Spells: 0 memorised, 10 levels left

rFire  . . .     SeeInvis +     a - +0 war axe
rCold  + . .     Gourm    .     v - +1 scale mail {rPois}
rNeg   + + .     Faith    .     c - +0 shield
rPois  +         Spirit   .     (helmet unavailable)
rElec  .         Dismiss  .     (no cloak)
rCorr  .         Reflect  .     Q - +0 pair of gloves
SustAt .         Harm     .     (no boots)
MR     +....                    y - amulet of regeneration
Stlth  ..........               (no ring)
                                G - ring of protection from cold

@: glowing, somewhat resistant to hostile enchantments, extremely unstealthy
A: permanent stasis, dig shafts and tunnels, four strong arms, antennae 3
a: Dig, Shaft Self, Divine Shield, Cleansing Flame, Renounce Religion


You were on level 1 of the Lair of Beasts.
You worshipped the Shining One.
The Shining One was greatly pleased with you.
You were full.

You visited 2 branches of the dungeon, and saw 10 of its levels.
You also visited: Sewer.

You collected 287 gold pieces.

Inventory:

Hand Weapons
 a - a +0 war axe (weapon)
Armour
 c - a +0 shield (worn)
 v - a +1 scale mail of poison resistance (worn)
 Q - a +0 pair of gloves (worn)
Jewellery
 y - an amulet of regeneration (around neck)
 G - a ring of protection from cold (left hand)
 N - an uncursed amulet of faith {unknown}
Wands
 C - a wand of polymorph (10/24)
 H - a wand of lightning (7/15)
 K - a wand of flame (24/48)
 L - a wand of acid (7/15)
Scrolls
 b - a scroll of fog {unknown}
 h - 2 scrolls of amnesia {unknown}
 i - 5 scrolls of identify
 j - 2 scrolls of remove curse {unknown}
 p - a scroll of noise {unknown}
 s - 3 scrolls of enchant weapon {unknown}
 u - 6 scrolls of teleportation {unknown}
 w - a scroll of fear {unknown}
 x - 2 scrolls of random uselessness {unknown}
 A - a scroll of enchant armour {unknown}
 B - a scroll of magic mapping {unknown}
 E - a scroll of blinking {unknown}
 F - a scroll of recharging {unknown}
 I - a scroll of torment {unknown}
Potions
 d - 3 potions of might
 e - 2 potions of haste {unknown}
 l - 9 potions of curing
 n - 2 potions of mutation {unknown}
 o - 2 potions of heal wounds {unknown}
 q - 2 potions of lignification {unknown}
 r - a potion of brilliance {unknown}
 t - 2 potions of cancellation {unknown}
 D - 4 potions of flight {unknown}
 J - 2 potions of resistance {unknown}
 M - a potion of degeneration {unknown}
 O - a potion of beneficial mutation {unknown}
Books
 z - a book of Flames

   Spells                             Type                      Level
   a - Flame Tongue                   Conjuration/Fire             1
   b - Throw Flame                    Conjuration/Fire             2
   c - Conjure Flame                  Conjuration/Fire             3
   d - Inner Flame                    Hexes/Fire                   3
   e - Sticky Flame                   Conjuration/Fire             4
   f - Fireball                       Conjuration/Fire             5
 S - a Fen Folio

   Spells                             Type                      Level
   a - Corpse Rot                     Necromancy                   2
   b - Stone Arrow                    Conjuration/Earth            3
   c - Leda's Liquefaction            Hexes/Earth                  4
   d - Summon Forest                  Summoning/Translocation      5
   e - Hydra Form                     Transmutation                6
   f - Summon Hydra                   Summoning                    7
Comestibles
 f - 12 bread rations
 g - 2 royal jellies
 k - 3 fruits
 m - 3 meat rations
 P - a slice of pizza


   Skills:
 - Level 3.2 Fighting
 + Level 16.9 Axes
 - Level 3.2 Armour
 - Level 3.6 Shields


You had 10 spell levels left.
You didn't know any spells.

Dungeon Overview and Level Annotations

Branches:
Dungeon (9/15)             Temple (0/1) D:4            Lair (1/6) D:8
    Orc: D:9-12

Altars:
Pakellas
Ru
Xom
The Shining One


Innate Abilities, Weirdness & Mutations

You are under a permanent stasis effect.
You can dig through walls and to a lower floor.
Your four strong arms can wield two-handed weapons with a shield.
You have a pair of large antennae on your head. (SInv)


Message History

You block the black mamba's attack.
The black mamba bites you but does no damage.
You hit the black mamba but do no damage.
The black mamba is almost dead.
The black mamba barely misses you.
You barely miss the black mamba.
The black mamba is almost dead.
You block the black mamba's attack.
You hit the black mamba.
The black mamba is almost dead.
The black mamba bites you!
* * * LOW HITPOINT WARNING * * *
The black mamba barely misses you.
You hit the black mamba but do no damage.
The black mamba is almost dead.
You block the black mamba's attack.
You closely miss the black mamba.
The black mamba is almost dead.
The black mamba bites you!
You die...

###.#### ##...÷÷ #P..###
# ##...# #. #(÷##
#..################..#
..........>..#P#.#...###
.......#.###............
#.....S@........####.##.
#....#.#.####...# #....
#.. .....# #.P.# #.#.# #
#..#.### #.#.# #....#
#.... #.)#........
#..... ..# ..####..
#..... .... ..# #..
#....# .#P .. #. ..


You could see a black mamba.

Vanquished Creatures
  The ghost of Somebody the Carver, a journeyman NaBe of Trog (Lair:1)
  Erica (D:8)
  Pikel (D:5)
  A hill giant (D:7)
  Maurice (D:8)
  A spiny frog (Lair:1)
  A rime drake (Lair:1)
  A komodo dragon (Lair:1)
  A spriggan (D:8)
  12 yaks (Lair:1)
  Grum (Lair:1)
  A hungry ghost (D:8)
  A basilisk (Lair:1)
  3 hippogriffs
  Edmund (D:4)
  3 ice beasts
  2 sky beasts (D:7)
  An orc warrior (D:9)
  2 phantoms
  2 ogres
  A black bear (D:8)
  4 wolves (Lair:1)
  2 centaurs
  A crocodile (Lair:1)
  5 big kobolds (Sewer)
  6 giant frogs
  2 scorpions (D:8)
  7 killer bees
  3 wights
  2 howler monkeys
  3 electric eels (D:7)
  5 crimson imps
  A giant frog zombie (D:8)
  A hound (D:7)
  6 orc wizards
  8 orc priests
  A jelly (D:5)
  2 giant frog skeletons (D:5)
  3 iguanas
  Natasha (twice) (D:4)
  7 worker ants
  A hound zombie (D:6)
  2 hound skeletons
  A howler monkey zombie (D:5)
  7 gnolls (D:6)
  9 adders
  14 river rats
  4 oozes (Sewer)
  3 adder skeletons
  4 worms
  12 dart slugs
  3 giant geckos
  25 orcs
  7 bats
  5 giant cockroaches
  6 goblins
  5 hobgoblins
  9 jackals
  A quokka (D:2)
  3 ball pythons
  3 giant newts
  12 kobolds
  2 quokka zombies
  13 rats
261 creatures vanquished.

Vanquished Creatures (others)
  A slave (D:4)
  Natasha (D:4)
  A dart slug (D:7)
  A ball python skeleton (D:4)
  A giant newt (D:4)
  A plant (Lair:1)
6 creatures vanquished.

Grand Total: 267 creatures vanquished

Notes
Turn   | Place    | Note
--------------------------------------------------------------
     0 | D:1      | Laan the Formicid Fighter began the quest for the Orb.
     0 | D:1      | Reached XP level 1. HP: 18/18 MP: 1/1
   171 | D:1      | Reached XP level 2. HP: 24/24 MP: 2/2
   238 | D:1      | Reached skill level 3 in Axes
   378 | D:1      | Reached XP level 3. HP: 25/29 MP: 3/3
   432 | D:1      | Found a shimmering altar of Xom.
   713 | D:2      | Found an oddly glowing altar of Pakellas.
   879 | D:2      | Reached skill level 4 in Axes
   879 | D:2      | Reached XP level 4. HP: 35/35 MP: 4/4
   974 | D:2      | Found a glowing golden altar of the Shining One.
  1003 | D:2      | Became a worshipper of the Shining One
  1525 | D:3      | You fall through a shaft for 2 floors!
  1525 | D:5      | Entered Level 5 of the Dungeon
  1541 | D:5      | Reached skill level 5 in Axes
  1541 | D:5      | Reached XP level 5. HP: 41/41 MP: 5/5
  1545 | D:5      | Noticed a centaur
  1553 | D:5      | Killed a centaur
  1553 | D:5      | Reached XP level 6. HP: 18/47 MP: 6/6
  1786 | D:5      | Reached skill level 6 in Axes
  1831 | D:4      | Noticed Pikel
  1831 | D:4      | Noticed a slave
  1831 | D:4      | Noticed a slave
  1831 | D:4      | Noticed a slave
  1831 | D:4      | Noticed a slave
  1848 | D:5      | Killed Pikel
  1848 | D:5      | Reached skill level 8 in Axes
  1848 | D:5      | Reached XP level 7. HP: 28/52 MP: 7/7
  2008 | D:4      | Reached XP level 8. HP: 51/58 MP: 8/8
  2049 | D:4      | Found a staircase to the Ecumenical Temple.
  2066 | D:4      | Noticed Natasha
  2077 | D:4      | Killed Natasha
  2108 | D:4      | Reached skill level 9 in Axes
  2109 | D:4      | Noticed Natasha
  2109 | D:4      | Reached * piety under the Shining One
  2117 | D:4      | Killed Natasha
  2200 | D:4      | Found a glowing drain.
  2200 | D:4      | Noticed Edmund
  2221 | D:4      | Killed Edmund
  2299 | Sewer    | Entered a sewer
  2758 | Sewer    | Reached skill level 10 in Axes
  2970 | Sewer    | Reached XP level 9. HP: 63/64 MP: 9/9
  3078 | D:4      | Reached skill level 11 in Axes
  3324 | D:4      | Killed Natasha
  3891 | D:5      | Found a sacrificial altar of Ru.
  4098 | D:5      | Reached skill level 12 in Axes
  4677 | D:6      | Reached ** piety under the Shining One
  5004 | D:6      | Reached XP level 10. HP: 69/70 MP: 10/10
  5406 | D:7      | Reached skill level 13 in Axes
  5460 | D:7      | Noticed a hill giant
  5475 | D:7      | Killed a hill giant
  6304 | D:8      | Reached *** piety under the Shining One
  6307 | D:8      | Noticed Maurice
  6311 | D:8      | Reached skill level 14 in Axes
  6324 | D:8      | Killed Maurice
  6510 | D:8      | Noticed Erica
  6524 | D:8      | Killed Erica
  6687 | D:8      | Reached XP level 11. HP: 53/75 MP: 11/11
  6761 | D:8      | Reached skill level 15 in Axes
  6974 | D:8      | Found a staircase to the Lair.
  7218 | Lair:1   | Entered Level 1 of the Lair of Beasts
  7225 | Lair:1   | Noticed Somebody's ghost (journeyman NaBe)
  7367 | Lair:1   | Noticed Grum
  7374 | Lair:1   | Killed Somebody's ghost
  7381 | Lair:1   | Reached skill level 16 in Axes
  7385 | Lair:1   | Killed Grum
  7419 | Lair:1   | Reached **** piety under the Shining One
  7942 | Lair:1   | Slain by a black mamba

Vault maps used:
D:1:      minmay_arrival_arboretum_large, xom_teletrap_fun
D:2:      grunt_pakellas_sulfur, minmay_misc_feat_x, tso_altar
D:3:      first_bread
D:4:      minmay_temple_entry_crystal_x, gup_sewer_entry_glass, uniq_natasha,
          uniq_edmund, uniq_pikel
D:5:      lemuel_round_altar
D:7:      kennysheep_slugbush
D:8:      lair_0_dummy, grunt_pizzeria, uniq_erica, uniq_maurice
D:9:      nicolae_qazlal_eye_of_the_storm, serial_shops, shop,
          nicolae_shop_crystal, nicolae_shop_stone, shop,
          nicolae_shop_window_shopping
Lair:1:   uniq_grum
Sewer:    sewer_co_tree

Skill      XL: |  1  2  3  4  5  6  7  8  9 10 11 |
---------------+----------------------------------+-----
Axes           | 3 4 5 8 10 12 14 16 | 16.9
Fighting       | |  3.2
Armour         | |  3.2
Shields        | |  3.6

Action                   |  1- 3 |  4- 6 |  7- 9 | 10-12 || total
-------------------------+-------+-------+-------+-------++-------
Melee: War axe           |    96 |    80 |   373 |   478 ||  1027
       Unarmed           |       |       |     2 |       ||     2
Invok: Divine Shield     |       |       |       |     1 ||     1
  Use: Scroll            |       |       |     1 |       ||     1
  Eat: Chunk             |       |     3 |    11 |     6 ||    20
       Pizza             |       |       |       |     7 ||     7
       Fruit             |       |       |       |     1 ||     1
Armor: Scale mail        |    41 |    30 |    85 |   101 ||   257
Dodge: Dodged            |    30 |    30 |    91 |    69 ||   220
Block: Shield            |    59 |    50 |   129 |   181 ||   419
